 Dungeon Crawl Stone Soup version 0.28.0 (webtiles) character file.

Game seed: 7847945958229646886

4158 BobtheApe the Carver (level 10, 0/84 HPs)
             Began as a Minotaur Fighter on Feb 4, 2022.
             Was a Priest of Okawaru.
             Succumbed to a killer bee's poison
             ... on level 8 of the Dungeon.
             The game lasted 00:36:49 (9405 turns).

BobtheApe the Carver (Minotaur Fighter)             Turns: 9405, Time: 00:36:49

Health: 0/84       AC: 12    Str: 26    XL:     10   Next: 7%
Magic:  9/9        EV:  8    Int:  5    God:    Okawaru [***...]
Gold:   454        SH:  5    Dex:  9    Spells: 9/9 levels left

rFire   . . .      SeeInvis .   d - +1 falchion (elec)
rCold   . . .      Faith    .   c - +0 buckler
rNeg    . . .      Spirit   .   e - +0 chain mail
rPois   .          Reflect  .   (helmet restricted)
rElec   .          Harm     .   k - +0 cloak
rCorr   .          Rampage  .   g - +0 pair of gloves
Will    .....                   (no boots)
Stlth   ..........              (no amulet)
HPRegen 0.24/turn               (no ring)
MPRegen 0.11/turn               (no ring)

@: lethally poisoned (0 -> -7)
A: horns 2, retaliatory headbutt
a: Renounce Religion, Heroism


You were on level 8 of the Dungeon.
You worshipped Okawaru.
Okawaru was most pleased with you.
You visited 2 branches of the dungeon, and saw 9 of its levels.

You collected 454 gold pieces.

Inventory:

Hand Weapons
 a - a +0 long sword
 d - a +1 falchion of electrocution (weapon)
 o - the +7 short sword "Xegut" {flame, rPois Dex+4}
   (You found it on level 4 of the Dungeon)

   It burns those it strikes, dealing additional fire damage.
   Dex:       It affects your dexterity (+4).
   rPois:     It protects you from poison.
 v - a +0 falchion
Missiles
 A - 2 throwing nets (quivered)
Armour
 b - a +0 scale mail
 c - a +0 buckler (worn)
 e - a +0 chain mail (worn)
 g - a +0 pair of gloves (worn)
 k - a +0 cloak (worn)
Jewellery
 i - an amulet of magic regeneration
 t - a ring of fire
Wands
 n - a wand of iceblast (21)
 y - a wand of mindburst (13)
Scrolls
 f - 3 scrolls of magic mapping
 h - a scroll of identify
 w - 2 scrolls of amnesia
Potions
 j - a potion of degeneration
 l - 2 potions of mutation {unknown}
 m - a potion of cancellation {unknown}
 p - 2 potions of magic
 q - a potion of flight {unknown}
 r - 2 potions of haste {unknown}
 s - a potion of curing {unknown}
 z - a potion of lignification {unknown}


   Skills:
 + Level 6.3 Fighting
 + Level 14.8 Long Blades
 + Level 6.4 Armour
 + Level 6.4 Shields


You had 9 spell levels left.
You didn't know any spells.
Your spell library contained the following spells:

 Spells                   Type           Power      Damage    Failure   Level
 Shock                    Conj/Air       0%         1d3       98%         1
 Blink                    Tloc           0%         N/A       99%         2
 Ignite Poison            Fire/Tmut/Pois 0%         N/A       100%        3
 Lesser Beckoning         Tloc           0%         N/A       100%        3
 Mephitic Cloud           Conj/Pois/Air  0%         N/A       100%        3
 Anguish                  Hex/Necr       0%         N/A       100%        4
 Leda's Liquefaction      Hex/Erth       0%         N/A       100%        4
 Petrify                  Tmut/Erth      0%         N/A       100%        4
 Borgnjor's Vile Clutch   Necr/Erth      0%         N/A       100%        5
 Freezing Cloud           Conj/Ice/Air   0%         6-21      100%        5
 Manifold Assault         Tloc           0%         N/A       100%        5
 Enfeeble                 Hex            0%         N/A       100%        7
 Tukima's Dance           Hex            Unusable   N/A       N/A         3
 Animate Armour           Summ/Erth      Unusable   N/A       N/A         4

Dungeon Overview and Level Annotations

Branches:
Dungeon (8/15)             Temple (1/1) D:4
   Lair: D:8-11

Altars:
Cheibriados
Elyvilon
Gozag
Hepliaklqana
Kikubaaqudgha
Okawaru
Ru
Sif Muna
Uskayaw
Wu Jian
Zin
The Shining One


Innate Abilities, Weirdness & Mutations

You have a pair of horns on your head.
You reflexively headbutt those who attack you in melee.


Message History

You feel sick.
The killer bee stings you but does no damage.
You miss the killer bee. Your headbutt misses the killer bee.
You feel sick.
The killer bee stings you but does no damage.
The killer bee closely misses you.
The killer bee stings you but does no damage.
The killer bee barely misses you.
You barely miss the killer bee. Your headbutt misses the killer bee.
You feel sick. The killer bee stings you.
* * * LOW HITPOINT WARNING * * *
The killer bee stings you but does no damage.
The killer bee stings you.
* * * LOW HITPOINT WARNING * * *
You are more poisoned.
The killer bee poisons you!
Read: scroll of immolation
Press: ? - help, Q - select action, (/) - cycle Dir - look around, f - activate Look: a killer bee (moderately wounded, susceptible)
As you read the scroll of immolation, it crumbles to dust.
The creatures around you are filled with an inner flame!
* * * LOW HITPOINT WARNING * * *
You feel very sick.
The killer bee stings you but does no damage. x2
You block the killer bee's attack.
The killer bee stings you but does no damage.
The killer bee completely misses you. The killer bee stings you.
* * * LOW HITPOINT WARNING * * *
You are more poisoned.
The killer bee poisons you!
Blink to where?
Press: ? - help, Q - select action, (/) - cycle Dir - move target, p - killer bee
As you read the scroll of blinking, it crumbles to dust.
* * * LOW HITPOINT WARNING * * *
You feel very sick.
* * * LOW HITPOINT WARNING * * *
You feel very sick.
* * * LOW HITPOINT WARNING * * *
You feel sick.
There is a stone staircase leading down here.
You die...

#...y.....#...
#...yy....#.... .
#.........#..... .
#........## .# #.
######...# ..##
###.###.#####'##.....
.'.......'..y........
..
#.......#...........
...
#......[#.@..##+####
.... #..##..##....#
#.<##..##..##....#
##..........##....#
............#.....#
....##..######.(..#
....##..##..##....#
#.......#..##....# .
#.......'........##..


You could see a killer bee (inner flame).

Vanquished Creatures
  Harold (D:8)
  Grinder (D:6)
  A steam dragon (D:6)
  Eustachio (D:6)
  2 water moccasins
  An ice beast (D:7)
  A black bear (D:7)
  An ogre (D:4)
  2 sky beasts
  2 necrophages
  2 centaurs (D:8)
  A kobold brigand (D:7)
  2 bullfrogs
  5 scorpions
  A gnoll sergeant (D:7)
  A wyvern skeleton (D:7)
  3 water moccasin skeletons
  3 killer bees (D:8)
  3 howler monkeys (D:7)
  9 wights
  A jelly (D:6)
  A bullfrog zombie (D:6)
  A bullfrog skeleton (D:6)
  5 hounds
  2 centaur skeletons (D:7)
  2 orc priests
  A centaur zombie (D:5)
  Crazy Yiuf (D:2)
  An iguana (D:5)
  An orc wizard (D:7)
  Robin (D:3)
  10 gnolls
  8 adders
  An ufetubus (D:4)
  An adder skeleton (D:4)
  2 worms
  2 dart slugs
  13 orcs
  4 endoplasms
  6 giant cockroaches
  11 hobgoblins
  10 jackals
  7 kobolds
  3 quokkas
  3 ball pythons
  5 bats
  4 frilled lizards
  12 goblins
  5 rats
167 creatures vanquished.

Notes
Turn   | Place    | Note
-------+----------+-------------------------------------------
     0 | D:1      | BobtheApe the Minotaur Fighter began the quest for the Orb.
     0 | D:1      | Reached XP level 1. HP: 19/19 MP: 0/0
   181 | D:1      | Reached skill level 3 in Long Blades
   214 | D:1      | Reached XP level 2. HP: 26/26 MP: 1/1
   383 | D:1      | Found a faded altar of an unknown god.
   387 | D:1      | Reached skill level 4 in Long Blades
   726 | D:1      | Reached XP level 3. HP: 31/31 MP: 2/2
  1186 | D:2      | Reached skill level 5 in Long Blades
  1192 | D:2      | Reached XP level 4. HP: 19/39 MP: 3/3
  1586 | D:2      | Found a hazy altar of Hepliaklqana.
  1896 | D:2      | Reached skill level 6 in Long Blades
  2085 | D:2      | Found a runed translucent door.
  2086 | D:2      | Noticed Crazy Yiuf
  2094 | D:2      | Killed Crazy Yiuf
  2095 | D:2      | Reached XP level 5. HP: 20/45 MP: 4/4
  2454 | D:3      | Found a hide-covered altar of Uskayaw.
  2652 | D:3      | Reached skill level 7 in Long Blades
  2915 | D:3      | Noticed Robin
  2922 | D:3      | Killed Robin
  3019 | D:3      | Reached XP level 6. HP: 39/51 MP: 5/5
  3381 | D:4      | Identified the +7 short sword "Xegut" {flame, rPois Dex+4}
  3609 | D:4      | Reached skill level 8 in Long Blades
  3918 | D:4      | Reached skill level 9 in Long Blades
  3918 | D:4      | Reached XP level 7. HP: 57/57 MP: 6/6
  3936 | D:4      | Found a staircase to the Ecumenical Temple.
  3947 | Temple   | Entered the Ecumenical Temple
  4022 | Temple   | Became a worshipper of Warmaster Okawaru
  4576 | D:5      | Entered Level 5 of the Dungeon
  4679 | D:5      | Reached skill level 10 in Long Blades
  5052 | D:5      | Reached skill level 11 in Long Blades
  5447 | D:5      | Reached * piety under Okawaru
  5448 | D:5      | Reached XP level 8. HP: 59/64 MP: 7/7
  6109 | D:6      | Reached skill level 12 in Long Blades
  6693 | D:6      | Reached skill level 13 in Long Blades
  6720 | D:6      | Noticed Eustachio
  6741 | D:6      | Killed Eustachio
  7013 | D:6      | Noticed Grinder
  7025 | D:6      | Killed Grinder
  7026 | D:6      | Reached skill level 14 in Long Blades
  7026 | D:6      | Reached XP level 9. HP: 59/71 MP: 5/8
  7489 | D:7      | Reached ** piety under Okawaru
  7637 | D:7      | Reached skill level 5 in Armour
  7658 | D:7      | Reached skill level 5 in Shields
  7702 | D:7      | Reached skill level 5 in Fighting
  8862 | D:7      | Got Ydogunik's Disquisition on Ashen Weightlessness
  8933 | D:8      | Noticed Harold
  8952 | D:8      | Killed Harold
  8952 | D:8      | Reached *** piety under Okawaru
  9243 | D:8      | Reached XP level 10. HP: 69/82 MP: 9/9
  9403 | D:8      | HP: 4/84 [poisoned by a killer bee]
  9405 | D:8      | Succumbed to a killer bee's poison

Illustrated notes

Levels and vault maps discovered:
D:1:      wander_arrival_peaceful_grave, layout_loops_ring,
          nicolae_ecumenical_lake_church
D:2:      layout_loops_corners, basic_altar, uniq_crazy_yiuf_cottage
D:3:      layout_loops_corners, amcnicky_altar_gilded, uniq_robin
D:4:      layout_gridville, minmay_temple_entry_proselytizer
D:5:      layout_layer_cave, kennysheep_generic_room_14
D:6:      layout_basic, uniq_eustachio, uniq_grinder
D:7:      layout_basic
D:8:      layout_gridville, st_stairs_2, uniq_harold
Temple:   mainiacjoe_temple_archimedes_tessellation

Skill      XL: |  1  2  3  4  5  6  7  8  9 |
---------------+----------------------------+-----
Long Blades    | 3 4 5 6 7 9 11 14 | 14.8
Shields        | 6 |  6.4
Fighting       | 6 |  6.3
Armour         | 6 |  6.4

Action                   |  1- 3 |  4- 6 |  7- 9 | 10-12 || total
-------------------------+-------+-------+-------+-------++-------
Melee: Long sword        |    87 |   126 |   143 |       ||   356
       Headbutt          |    10 |    19 |    45 |     2 ||    76
       Falchion          |       |       |   138 |    26 ||   164
Invok: Heroism           |       |       |     4 |       ||     4
  Use: Potion            |       |     2 |     4 |       ||     6
       Scroll            |       |     3 |     6 |     2 ||    11
Armor: Chain mail        |    37 |    47 |   127 |    24 ||   235
Dodge: Dodged            |    23 |    42 |    85 |    17 ||   167
Block: Buckler           |    24 |    25 |    52 |     7 ||   108
